 Dungeon Crawl Stone Soup version 0.25.0-9-g26727b657a (webtiles) character file.

Game seed: 13025677222203802471

635 Delamore the Cudgeler (level 7, -2/41 HPs)
             Began as a Gargoyle Fighter on June 20, 2020.
             Was a Follower of Okawaru.
             Slain by Descartes's ghost (7 damage)
             ... on level 4 of the Dungeon.
             The game lasted 00:06:12 (4032 turns).

Delamore the Cudgeler (Gargoyle Fighter)            Turns: 4032, Time: 00:06:13

Health: -2/41      AC: 11    Str: 22    XL:     7   Next: 50%
Magic:  0/7        EV:  7    Int:  8    God:    Okawaru [*.....]
Gold:   122        SH: 10    Dex:  9    Spells: 6/6 levels left

rFire    . . .     SeeInvis .   E - +0 flail (holy)
rCold    . . .     Gourm    .   c - +1 kite shield
rNeg     + . .     Faith    .   b - +0 scale mail
rPois    ∞         Spirit   +   (no helmet)
rElec    +         Reflect  .   h - scarf {repulsion}
rCorr    .         Harm     .   (no gloves)
MR       .....                  (no boots)
Stlth    ..........             t - amulet of guardian spirit
HPRegen  0.13/turn              (no ring)
MPRegen  0.10/turn              (no ring)

@: mighty, brilliant, stab, repel missiles
A: negative energy resistance 1, electricity resistance, unbreathing,
petrification resistance, rot immunity, AC +4
a: Heroism, Renounce Religion


You were on level 4 of the Dungeon.
You worshipped Okawaru.
Okawaru was aware of your devotion.
You were not hungry.

You visited 1 branch of the dungeon, and saw 4 of its levels.
You also visited: Sewer.

You collected 122 gold pieces.

Inventory:

Hand Weapons
 a - a +0 flail
 E - a +0 flail of holy wrath (weapon)
Missiles
 o - 2 curare-tipped darts (quivered)
 y - 17 poisoned darts
Armour
 b - a +0 scale mail (worn)
 c - a +1 kite shield (worn)
 h - a scarf of repulsion (worn)
 k - a +0 buckler
Jewellery
 t - an amulet of guardian spirit (around neck)
Wands
 B - a wand of digging (2)
Scrolls
 e - a scroll of fog {unknown}
 l - a scroll of immolation
 m - a scroll of noise {unknown}
 n - a scroll of enchant weapon {unknown}
 p - 3 scrolls of fear {unknown}
 r - 2 scrolls of enchant armour
 u - 2 scrolls of identify {unknown}
 v - a scroll of summoning {unknown}
 w - a scroll of blinking {unknown}
 A - a scroll of teleportation {unknown}
 C - a scroll of remove curse {unknown}
Potions
 d - a potion of might
 g - a potion of cancellation {unknown}
 i - a potion of stabbing
 j - a potion of curing
 q - a potion of resistance {unknown}
 s - 2 potions of brilliance
 x - a potion of mutation {unknown}
 z - a potion of flight {unknown}
Comestibles
 f - 8 rations


   Skills:
 - Level 3.2 Fighting
 + Level 7.6 Maces & Flails
 - Level 3.2 Armour
 + Level 4.5 Shields


You had 6 spell levels left.
You didn't know any spells.
Your spell library was empty.

Dungeon Overview and Level Annotations

Branches:
Dungeon (4/15)              Sewer (visited)
 Temple: D:4-7

Altars:
Ashenzari
Cheibriados
Gozag
Okawaru
Yredelemnul
Zin

Annotations:
D:4 1 transporter, Descartes's ghost, amateur FeWn


Innate Abilities, Weirdness & Mutations

You are resistant to torment.
Your stone body is resilient. (AC +4)
You are immune to poison.
You resist negative energy. (rN+)
You are resistant to electric shocks. (rElec)
You can survive without breathing.
You are immune to petrification.
You are immune to rotting.


Message History

Descartes's ghost hits you!
* * * LOW HITPOINT WARNING * * *
It was a potion of curing.
You feel better. You block Descartes's ghost's attack.
You closely miss Descartes's ghost. You block Descartes's ghost's attack.
You miss Descartes's ghost. Descartes's ghost hits you.
* * * LOW HITPOINT WARNING * * *
You completely miss Descartes's ghost. Descartes's ghost hits you.
* * * LOW HITPOINT WARNING * * *
It was a potion of stabbing.
You feel ready to backstab.
Descartes's ghost screams, "Zot is a myth, the ORB is a fable, you'll soon be a tale!"
You block Descartes's ghost's attack.
It was a potion of brilliance.
You feel clever all of a sudden. Descartes's ghost closely misses you.
You miss Descartes's ghost.
Descartes's ghost tries to blend into its surroundings.
Descartes's ghost hits you!
You die...

#..≈≈#g#.#.###.©.###.#.#.#≈
#..≈≈#g..###©#####.###...#≈
#..≈≈###...............###≈
##.≈≈.8#.######'######.#8.≈
#.≈≈.##.#$.!#8.P#P⌠P#.##.≈
#.≈≈.#g.'$.:#⌠©.....'..#.≈
#.≈≈.##.#$.$#8.P#P⌠P#.##.≈
#.≈≈.8#.######(######.#8.≈
#.≈≈###.W@...(/.(.....###≈
#.≈≈#...###.#####.###...#≈
#.≈≈#.#.#.###.©.###.#g#g#≈
#.≈≈#####...........#####≈
#.≈≈≈≈≈≈≈≈≈≈≈...≈≈≈≈≈≈≈≈≈≈
#.≈≈≈≈≈≈≈≈≈≈≈...≈≈≈≈≈≈≈≈≈≈
#..[......................
#######...................
####################


You could see Descartes's ghost.

Vanquished Creatures
  Purgy (Sewer)
  An ogre (D:2)
  2 scorpions (D:4)
  2 hounds
  A gnoll shaman (D:4)
  Ijyb (D:4)
  Jessica (D:2)
  5 gnolls
  6 adders
  2 adder zombies (D:2)
  5 worms
  2 dart slugs (D:1)
  A leopard gecko (D:4)
  2 orcs (D:3)
  4 bat skeletons (D:2)
  A bat zombie (D:2)
  4 giant cockroaches
  4 hobgoblins
  7 jackals
  7 bats
  8 frilled lizards
  14 goblins
  A jackal skeleton (D:2)
  13 kobolds
  A leopard gecko skeleton (D:2)
  3 rats
99 creatures vanquished.

Notes
Turn   | Place    | Note
-------+----------+-------------------------------------------
     0 | D:1      | Delamore the Gargoyle Fighter began the quest for the Orb.
     0 | D:1      | Reached XP level 1. HP: 14/14 MP: 1/1
   131 | D:1      | Reached skill level 3 in Maces & Flails
   131 | D:1      | Reached XP level 2. HP: 18/19 MP: 2/2
   263 | D:1      | Reached XP level 3. HP: 23/23 MP: 3/3
   290 | D:1      | You fall into a shaft and drop 1 floor!
   290 | D:2      | Found a snail-covered altar of Cheibriados.
   303 | D:2      | Found a basalt altar of Yredelemnul.
   332 | D:2      | Reached skill level 4 in Maces & Flails
   332 | D:2      | Reached XP level 4. HP: 12/28 MP: 4/4
  1015 | D:2      | Noticed Jessica
  1022 | D:2      | Killed Jessica
  1282 | D:2      | Reached skill level 5 in Maces & Flails
  1383 | D:2      | Noticed an ogre
  1386 | D:2      | Reached XP level 5. HP: 27/32 MP: 5/5
  1402 | D:2      | Found a glowing silver altar of Zin.
  1404 | D:2      | Found an opulent altar of Gozag.
  1717 | D:2      | Found an iron altar of Okawaru.
  1723 | D:2      | Became a worshipper of Warmaster Okawaru
  2102 | D:2      | Killed an ogre
  2102 | D:2      | Reached skill level 6 in Maces & Flails
  2102 | D:2      | Reached XP level 6. HP: 37/37 MP: 6/6
  2177 | D:2      | Found a shattered altar of Ashenzari.
  2384 | D:3      | Reached * piety under Okawaru
  2414 | D:3      | Found a glowing drain.
  2461 | Sewer    | Entered a sewer
  2566 | Sewer    | Noticed Purgy
  2590 | Sewer    | Killed Purgy
  2590 | Sewer    | Reached skill level 7 in Maces & Flails
  3426 | D:4      | Noticed Ijyb
  3437 | D:4      | Killed Ijyb
  3437 | D:4      | Reached XP level 7. HP: 41/41 MP: 7/7
  3763 | D:4      | Found a transporter.
  3774 | D:4      | Noticed Descartes's ghost (amateur FeWn)
  3815 | D:4      | Found a transporter.
  4032 | D:4      | Slain by Descartes's ghost

Illustrated notes

Levels and vault maps discovered:
D:1:      heliophobic_arrival_battle_scene, layout_loops_cross
D:2:      layout_basic, okawaru_trees_1,
          chequers_temple_overflow_statue_of_worship, minitemple, serial_undead,
          serial_undead_f, serial_undead_b, serial_undead_c, serial_undead_a,
          minmay_tromino_v7, uniq_jessica
D:3:      layout_loops_ring, cheibrodos_sewer_entry_bend
D:4:      layout_rooms, gammafunk_ghost_gnarly_gnolls,
          kennysheep_generic_room_11, uniq_ijyb

Skill      XL: |  1  2  3  4  5  6  7 |
---------------+----------------------+-----
Maces & Flails | 3 4 5 6 7 |  7.6
Shields        | 4 |  4.5
Fighting       | |  3.2
Armour         | |  3.2

Action                   |  1- 3 |  4- 6 |  7- 9 || total
-------------------------+-------+-------+-------++-------
Melee: Flail             |    55 |   318 |    69 ||   442
Throw: Dart              |       |     4 |       ||     4
Invok: Heroism           |       |     1 |     1 ||     2
  Use: Scroll            |       |     2 |       ||     2
       Potion            |       |       |     4 ||     4
  Eat: Chunk             |       |     6 |     1 ||     7
       Ration            |       |     1 |       ||     1
Armor: Scale mail        |    34 |   252 |    21 ||   307
Dodge: Dodged            |    11 |   228 |    15 ||   254
       Repelled          |     1 |     1 |       ||     2
Block: Kite shield       |    28 |    21 |    34 ||    83
       Buckler           |       |    87 |       ||    87
